AoeStats
← yagokp

African Clearing

506286601Analyzed
2v2 RM · 19d ago on Sep 13, 2026· 30m 23s· 4 players
Game mode
Random Map
Map size
Medium (4 player)
Population
200
Speed
Normal
Resources
Standard
Victory
Conquest
Starting age
Dark Age
Ending age
Imperial Age
RankedLock teamsTeams togetherTeam positionsShared explorationLock speedFull tech treeHidden civsTurbo modeCheats
Victory
Defeat
🇺🇸 Magyars · United States
687
+15
🇺🇸 Celts · United States
670
+16
🇧🇷 Khmer · Brazil
704
-36
🇧🇷 Goths · Brazil
619
-13
yagokp
13:07 Feudal Age
13:59 Man-at-Arms
Igorlinguica
18:07 Feudal Age
19:23 Wheelbarrow
18:38 Double-Bit Axe
24:05 Castle Age
23:06 Stone Mining
BingBongBoi
4:02 Loom
13:50 Feudal Age
14:27 Double-Bit Axe
14:50 Horse Collar
15:40 Bloodlines
21:55 Scale Barding Armor
23:42 Wheelbarrow
22:55 Town Watch
28:02 Castle Age
28:13 Light Cavalry
28:56 Husbandry
29:30 Chain Barding Armor
30:43 Bow Saw
Isaiahtoth43
17:10 Feudal Age
18:29 Wheelbarrow
17:41 Town Watch
17:54 Horse Collar
20:16 Loom
21:46 Double-Bit Axe
26:31 Town Watch
26:11 Man-at-Arms
26:42 Arson
27:12 Forging
27:02 Scale Mail Armor
27:08 Scale Barding Armor
27:04 Padded Archer Armor
26:55 Fletching
Connection lost

Rejoining the realm…

Still unreachable

The connection could not be restored.

Session expired

The server has moved on; the page needs a fresh start.